 Dungeon Crawl Stone Soup version 0.18-a0-1160-geb89fc2 (webtiles) character file.

129184 patman the Grand Gadgeteer (level 16, -21/179 HPs)
             Began as a Deep Dwarf Fighter on Jan 23, 2016.
             Was the Champion of Pakellas.
             Engulfed by a cloud of thunder (91 damage)
             ... on level 3 of the Spider Nest on Jan 24, 2016.
             The game lasted 02:15:02 (26635 turns).

patman the Grand Gadgeteer (Deep Dwarf Fighter)    Turns: 26635, Time: 02:15:02

Health: -21/179    AC: 30    Str: 26    XL:     16   Next: 50%
Magic:  29/38      EV:  6    Int: 10    God:    Pakellas [******]
Gold:   2947       SH: 10    Dex: 17    Spells: 2 memorised, 12 levels left

rFire  + . .     SeeInvis .     a - +4 eveningstar
rCold  . . .     Gourm    .     M - +8 plate armour {rF+}
rNeg   + . .     Faith    +     c - +0 shield
rPois  +         Spirit   .     (helmet restricted)
rElec  .         Dismiss  .     D - +0 cloak {rPois}
rCorr  .         Reflect  .     z - +0 pair of gloves
SustAt .         Harm     .     y - +0 pair of boots {run}
MR     ++...                    w - amulet of faith
Stlth  ..........               F - +4 ring of slaying
                                t - ring of magical power

@: mighty, non-regenerating, quick, very resistant to hostile enchantments,
extremely unstealthy
A: damage resistance, recharge devices, antennae 1, fangs 1, negative energy
resistance 1, sense surroundings 2, robust 1, slow regeneration 3
a: Device Recharging, Quick Charge, Device Surge, Renounce Religion


You were on level 3 of the Spider Nest.
You worshipped Pakellas.
Pakellas was exalted by your worship.
You were hungry.

You visited 5 branches of the dungeon, and saw 29 of its levels.
You also visited: Labyrinth, Bailey and Ice Cave.

You collected 3801 gold pieces.
You spent 854 gold pieces at shops.

Inventory:

Hand Weapons
 a - a +4 eveningstar (weapon)
 d - the +9 mace "Demonslayer" {freeze, rElec rC+ Str+2 Dex-4}
   (You found it in a bailey)

   It has been specially enchanted to freeze those struck by it, causing extra
   injury to most foes and up to half again as much damage against particularly
   susceptible opponents.
   It can also slow down cold-blooded creatures.
   It affects your strength (+2).
   It affects your dexterity (-4).
   It protects you from cold.
   It insulates you from electricity.
Armour
 c - a +0 shield (worn)
 y - a +0 pair of boots of running (worn)
 z - a +0 pair of gloves (worn)
 D - a +0 cloak of poison resistance (worn)
 M - a +8 plate armour of fire resistance (worn)
 Z - a +2 cloak
Rods
 b - a +10 rod of clouds (7/18)
   (You acquired it in a labyrinth)
 P - a +5 rod of inaccuracy (10/10)
   (Pakellas gifted it to you on level 9 of the Dungeon)
 W - a +2 rod of the swarm (9/9)
   (You acquired it in a bailey)
Jewellery
 k - an uncursed ring of resist corrosion
 p - an uncursed ring of protection from cold
 t - a ring of magical power (left hand)
 w - an amulet of faith (around neck)
 F - a +4 ring of slaying (right hand)
 H - an uncursed amulet of regeneration {unknown}
 Q - an uncursed ring of protection from fire
Wands
 e - a wand of heal wounds (4/9)
 i - a wand of invisibility (4/9)
 A - a wand of lightning (10/15)
 E - a wand of digging (7/24)
 G - a wand of cold (8/15)
 I - a wand of draining (8/15)
 O - a wand of paralysis (17/24)
 Y - a wand of fire (14/15)
Scrolls
 j - a scroll of fear
 m - 11 scrolls of remove curse
 u - 5 scrolls of blinking
 B - a scroll of magic mapping
 N - 6 scrolls of fog
 T - a scroll of silence
 X - 4 scrolls of teleportation
Potions
 l - 7 potions of haste
 o - 3 potions of might
 q - a potion of resistance
 r - 6 potions of curing
 v - a potion of berserk rage
 C - 6 potions of brilliance
 K - 5 potions of agility
 L - 3 potions of heal wounds
 R - 3 potions of flight
Miscellaneous
 g - a sack of spiders
 s - a lantern of shadows
 J - a stone of tremors
Comestibles
 f - 20 bread rations
 h - a chunk of flesh
 n - 7 beef jerkies
 x - 23 fruits
 S - 3 meat rations


   Skills:
 - Level 15.1 Fighting
 * Level 5.5 Maces & Flails
 - Level 15.7 Armour
 - Level 4.0 Shields
 - Level 23.0 Evocations


You had 12 spell levels left.
You knew the following spells:

 Your Spells              Type           Power        Failure   Level  Hunger
a - Apportation           Tloc           #.........   100%        1    ##.....
b - Blink                 Tloc           N/A          100%        2    ###....


Dungeon Overview and Level Annotations

Branches:
Dungeon (15/15)            Temple (1/1) D:4            Lair (8/8) D:9
 Shoals (0/4) Lair:4       Spider (3/4) Lair:5        Slime (0/6) Lair:6
    Orc (2/2) D:11            Elf (0/3) Orc:2        Vaults (0/5) D:13
 Depths (0/5) D:15

Altars:
Dithmenos
Gozag
Kikubaaqudgha
Makhleb
Nemelex Xobeh
Pakellas
Qazlal
Sif Muna
Trog
Vehumet
Zin
The Shining One
Beogh
Jiyva

Shops:
D:5 [   D:11 ([   D:14 [   Orc:1 (   Orc:2 (%*[

Annotations:
Lair:7 namelastname112's ghost, journeyman DrMo


Innate Abilities, Weirdness & Mutations

You are resistant to damage.
You can recharge devices by infusing magical energy.
You resist negative energy.
You passively map the area around you.
You do not regenerate naturally.
You have a pair of small antennae on your head.
You have very sharp teeth.
You are robust (+10% HP).


Message History

You feel your power returning.
The jumping spider pounces on you but does no damage.
The jumping spider bites you but does no damage.
The demonic crawler is engulfed in roaring flames.
You hear an angry hiss. x2
Unknown command.
You are standing in a thunderstorm.
The jumping spider leaps!
The demonic crawler is engulfed in roaring flames.
The demonic crawler barely misses you.
The demonic crawler hits you but does no damage. x2
You see here a tarantella corpse.
Unknown command.
Unknown command.
Unknown command.
Unknown command.
Drink which item? (? for menu, Esc to quit)
You feel better.
You are standing in a thunderstorm.
You are struck by lightning!
Ouch! That really hurt!
You die...

, * * ###* * ,
#§§# , *...#.
#§§## # ,
,,....#§#§@#.# *
..#§§§ss§.#
,#§§§#§#.^^..# *
, ,
,....^.$.#s.^$.^
* * ,
.#...##..^.##..
, ,
,#.^..#.....# s
* ,
,#.<....#..#..,
#...#........#.
, , #.....^
.##..... ,, *


You could see a demonic crawler, an orb spider, a jumping spider and a
tarantella.

Vanquished Creatures
  A frost giant (IceCv)
  An emperor scorpion (Spider:2)
  2 orc warlords
  Louise (Spider:3)
  An ettin (Orc:1)
  A minotaur (Lab)
  A fire dragon (Lair:8)
  Harold (Lair:2)
  A vault guard (D:13)
  Fannar (Lair:3)
  4 hydras
  2 centaur warriors
  A death yak (IceCv)
  3 tengu warriors
  2 death knights (D:15)
  Sonja (D:12)
  8 orc high priests
  3 skeletal warriors (D:15)
  2 wizards (D:13)
  A lindwurm (Lair:8)
  5 hill giants
  A lindwurm (shapeshifter) (D:15)
  A wolf spider zombie (D:15)
  A necromancer (D:13)
  14 orb spiders
  8 wolf spiders
  An orc knight (Bailey)
  The ghost of derval the Spear-Bearer, a novice MfSk of Okawaru (Bailey)
  8 ugly things
  A moth of wrath (shapeshifter) (D:15)
  A manticore (D:14)
  2 cyclopes
  A hornet (Spider:3)
  A siren (Lair:4)
  A centaur zombie (D:15)
  12 elephants (Lair:5)
  Joseph (D:7)
  3 moths of wrath
  A black mamba (shapeshifter) (D:13)
  3 black mambas
  An ice statue (IceCv)
  A gargoyle (D:15)
  8 spiny frogs
  5 torpor snails (Lair:8)
  4 komodo dragons
  3 kobold demonologists
  11 demonic crawlers
  2 tengu conjurers
  2 fire drakes
  20 polar bears
  4 giant leeches (Lair:8)
  19 jumping spiders
  3 trolls
  A merfolk (Lair:4)
  A merfolk (shapeshifter) (D:15)
  15 blink frogs
  Grinder (D:5)
  3 raiju (Lair:8)
  6 slime creatures
  3 two-headed ogres
  4 shadows
  A centaur simulacrum (D:14)
  43 redbacks
  Sigmund (D:2)
  10 tarantellas
  3 wraiths
  A water elemental (D:12)
  21 humans (D:13)
  3 wyverns
  49 yaks
  5 vampire mosquitoes
  4 fire bats (D:11)
  2 basilisks
  7 hippogriffs
  A hungry ghost (D:14)
  2 steam dragons
  27 wolves
  A wolf (shapeshifter) (D:15)
  17 wargs
  A soldier ant (shapeshifter) (D:15)
  Edmund (D:5)
  18 water moccasins
  3 hell hounds
  8 porcupines
  4 sky beasts
  33 orc warriors
  12 black bears (Lair:8)
  A swamp drake (Bailey)
  4 wasps
  3 phantoms
  2 ice beasts
  11 ogres
  3 eyes of draining
  5 boggarts (D:15)
  7 crocodiles
  8 centaurs
  A big kobold (D:11)
  3 wyvern zombies
  18 giant frogs
  4 scorpions
  19 wights
  9 electric eels
  6 lava snakes
  A giant frog zombie (D:11)
  4 crimson imps
  22 hounds
  A quasit (Lair:1)
  2 jellies
  Crazy Yiuf (D:5)
  7 centaur skeletons
  44 orc priests
  A giant frog skeleton (D:13)
  8 iguanas
  24 orc wizards
  3 worker ants
  5 hell rats (Lair:8)
  5 sheep
  A hound zombie (D:6)
  15 gnolls
  A worker ant zombie (D:5)
  6 adders
  34 river rats
  5 shadow imps
  12 white imps (Lair:3)
  An ooze (D:4)
  An adder zombie (D:7)
  19 worms
  5 giant geckos
  108 orcs
  A ball python (D:4)
  5 bats
  5 giant cockroaches
  23 goblins
  17 hobgoblins
  24 jackals
  6 quokkas
  5 giant newts
  A jackal skeleton (D:5)
  9 kobolds
  A quokka skeleton (D:9)
  8 rats
  A butterfly (Lair:5)
  2 fire vortices (D:11)
  A fungus (D:5)
  A plant (Lair:8)
1050 creatures vanquished.

Vanquished Creatures (collateral kills)
  A death yak (IceCv)
  The ghost of chonchonts the Covert, a novice SpEn of Dithmenos (D:8)
  An orc knight (Bailey)
  A spiny frog (Lair:8)
  2 komodo dragons (Lair:8)
  2 trolls (D:9)
  15 blink frogs
  A spriggan (D:9)
  12 yaks
  5 hippogriffs
  3 wolves
  2 water moccasins
  2 porcupines
  A black bear (D:9)
  2 orc warriors
  4 crocodiles
  4 giant frogs (Lair:3)
  A wight (D:9)
  An electric eel (D:9)
  2 hounds (D:9)
  3 iron imps (D:9)
  A giant frog skeleton (D:9)
  An orc wizard (D:9)
  An iguana (Lair:4)
  A worker ant (D:9)
  5 sheep
  4 river rats
  2 orcs (D:9)
  A butterfly (Lair:5)
  9 fungi
  2 plants
93 creatures vanquished.

Vanquished Creatures (others)
  A wolf spider (Spider:1)
  2 yaks (IceCv)
  4 wolves (IceCv)
  2 hounds
  A fire vortex (D:11)
  25 fungi
  27 plants
62 creatures vanquished.

Grand Total: 1205 creatures vanquished

Notes
Turn   | Place    | Note
--------------------------------------------------------------
     0 | D:1      | patman the Deep Dwarf Fighter began the quest for the Orb.
     0 | D:1      | Reached XP level 1. HP: 20/20 MP: 1/1
   246 | D:1      | Reached XP level 2. HP: 20/28 MP: 2/2
   632 | D:2      | Reached XP level 3. HP: 19/36 MP: 3/3
   718 | D:2      | Noticed Sigmund
   721 | D:2      | Gained mutation: You have very sharp teeth. [potion of mutation]
   721 | D:2      | Gained mutation: You are robust (+10% HP). [potion of mutation]
   721 | D:2      | Gained mutation: You have a pair of small antennae on your head. [potion of mutation]
   738 | D:2      | Killed Sigmund
   738 | D:2      | Reached skill level 5 in Fighting
   738 | D:2      | Reached XP level 4. HP: 38/50 MP: 4/4
   738 | D:2      | Reached XP level 5. HP: 44/59 MP: 5/5
   786 | D:2      | Found a deep blue altar of Sif Muna.
  1258 | D:3      | Reached skill level 6 in Fighting
  1270 | D:3      | Reached XP level 6. HP: 24/69 MP: 6/6
  1369 | D:3      | Reached skill level 7 in Fighting
  1394 | D:3      | Reached XP level 7. HP: 18/79 MP: 6/6
  1473 | D:3      | Found a shadowy altar of Dithmenos.
  1717 | D:3      | Found an ancient bone altar of Kikubaaqudgha.
  2267 | D:4      | Reached skill level 8 in Fighting
  2335 | D:4      | Found an oddly glowing altar of Pakellas.
  2335 | D:4      | Found an opulent altar of Gozag.
  2356 | D:4      | Became a worshipper of Pakellas the Inventive
  2380 | D:4      | Found a staircase to the Ecumenical Temple.
  2403 | Temple   | Entered the Ecumenical Temple
  2673 | D:4      | Found a radiant altar of Vehumet.
  2826 | D:4      | Found a bloodstained altar of Trog.
  3030 | D:5      | Entered Level 5 of the Dungeon
  3110 | D:5      | Noticed Grinder
  3115 | D:5      | Paralysed by Grinder for 2 turns
  3122 | D:5      | Paralysed by Grinder for 7 turns
  3157 | D:5      | Killed Grinder
  3157 | D:5      | Reached skill level 9 in Fighting
  3157 | D:5      | Reached XP level 8. HP: 72/93 MP: 7/7
  3299 | D:5      | Found Liodup's Armour Shop.
  3332 | D:5      | HP: 4/93 [poisoned by a water moccasin]
  3333 | D:5      | HP: 1/93 [poisoned by a water moccasin]
  3579 | D:5      | Found an oddly glowing altar of Pakellas.
  3629 | D:5      | Noticed Edmund
  3673 | D:5      | Killed Edmund
  3817 | D:5      | Reached skill level 5 in Armour
  3868 | D:5      | Reached * piety under Pakellas
  4069 | D:5      | Noticed Crazy Yiuf
  4080 | D:5      | Killed Crazy Yiuf
  4197 | D:6      | Found a glowing silver altar of Zin.
  4333 | D:6      | Found a glowing golden altar of the Shining One.
  4431 | D:6      | Gained mutation: You passively map the area around you. [Deep Dwarf growth]
  4431 | D:6      | Reached XP level 9. HP: 53/101 MP: 5/7
  4521 | D:6      | Reached ** piety under Pakellas
  4521 | D:6      | Received a gift from Pakellas
  5086 | D:7      | Found a shadowy altar of Dithmenos.
  5247 | D:7      | Noticed Joseph
  5260 | D:7      | Killed Joseph
  5260 | D:7      | Reached skill level 10 in Armour
  5358 | D:7      | Found a stormy altar of Qazlal.
  5358 | D:7      | Found a sparkling altar of Nemelex Xobeh.
  5585 | D:8      | Reached skill level 5 in Evocations
  5600 | D:8      | Found a flagged portal.
  5605 | Bailey   | Entered a bailey
  5618 | Bailey   | Reached *** piety under Pakellas
  5659 | Bailey   | Noticed a kobold demonologist
  5668 | Bailey   | Noticed an orc high priest
  5669 | Bailey   | Noticed a sixfirhy
  5671 | Bailey   | Killed a kobold demonologist
  5675 | Bailey   | Killed an orc high priest
  5675 | Bailey   | Reached XP level 10. HP: 56/108 MP: 12/14
  5681 | Bailey   | Found an iron altar of Okawaru.
  5711 | Bailey   | Noticed derval's ghost (novice MfSk)
  5712 | Bailey   | Noticed an orc knight
  5749 | Bailey   | Killed an orc knight
  5790 | Bailey   | Killed derval's ghost
  5790 | Bailey   | Reached skill level 10 in Evocations
  5994 | Bailey   | Reached skill level 11 in Evocations
  6183 | Bailey   | Identified a +2 rod of the swarm (9/9) (You acquired it in a bailey)
  6237 | Bailey   | Got an iridescent mace
  6281 | Bailey   | Noticed an orc knight
  6303 | Bailey   | Killed an orc knight
  6460 | D:8      | Noticed chonchonts's ghost (novice SpEn)
  6589 | D:8      | Killed chonchonts's ghost
  6589 | D:8      | Reached skill level 12 in Evocations
  6616 | D:8      | Identified the +9 mace "Demonslayer" {freeze, rElec rC+ Str+2 Dex-4} (You found it in a bailey)
  6864 | D:9      | Reached **** piety under Pakellas
  6864 | D:9      | Received a gift from Pakellas
  6867 | D:9      | Reached skill level 13 in Evocations
  6877 | D:9      | Found a staircase to the Lair.
  7087 | D:9      | Reached XP level 11. HP: 58/116 MP: 7/19
  7201 | D:9      | Found a burning altar of Makhleb.
  7474 | Lair:1   | Entered Level 1 of the Lair of Beasts
  7522 | Lair:1   | Reached skill level 14 in Evocations
  8166 | Lair:2   | Reached ***** piety under Pakellas
  8323 | Lair:2   | Identified a +4 rod of inaccuracy (9/9) (Pakellas gifted it to you on level 9 of the Dungeon)
  8406 | Lair:2   | Noticed Harold
  8422 | Lair:2   | Killed Harold
  8422 | Lair:2   | Reached skill level 15 in Evocations
  9062 | Lair:3   | Noticed Fannar
  9097 | Lair:3   | Killed Fannar
  9097 | Lair:3   | Reached skill level 16 in Evocations
  9153 | Lair:3   | Found a frozen archway.
  9175 | IceCv    | Entered an ice cave
  9496 | IceCv    | Reached skill level 17 in Evocations
  9630 | IceCv    | Reached XP level 12. HP: 60/126 MP: 22/22
  9697 | IceCv    | Noticed a death yak
  9704 | IceCv    | Killed a death yak
  9704 | IceCv    | Reached skill level 18 in Evocations
  9938 | IceCv    | Noticed a death yak
  9938 | IceCv    | Noticed a frost giant
  9950 | IceCv    | Killed a frost giant
  9970 | IceCv    | Killed a death yak
  9973 | IceCv    | Reached skill level 19 in Evocations
 10252 | Lair:3   | Noticed a six-headed hydra
 10286 | Lair:3   | Killed a six-headed hydra
 11006 | Lair:4   | Reached skill level 20 in Evocations
 11234 | Lair:4   | Reached ****** piety under Pakellas
 11481 | Lair:4   | Found a staircase to the Shoals.
 11888 | Lair:5   | Learned a level 1 spell: Apportation
 11891 | Lair:5   | Learned a level 2 spell: Blink
 11978 | Lair:5   | Reached XP level 13. HP: 99/135 MP: 14/25
 11997 | Lair:5   | Reached skill level 10 in Fighting
 12057 | Lair:5   | Found a hole to the Spider Nest.
 12226 | Lair:5   | Received a gift from Pakellas
 13105 | Lair:6   | Found a viscous altar of Jiyva.
 13105 | Lair:6   | Found a staircase to the Slime Pits.
 13351 | Lair:7   | Noticed namelastname112's ghost (journeyman DrMo)
 13831 | Lair:8   | Entered Level 8 of the Lair of Beasts
 14620 | Lair:8   | Gained mutation: You resist negative energy. [Deep Dwarf growth]
 14620 | Lair:8   | Reached XP level 14. HP: 63/149 MP: 26/26
 14843 | Lair:8   | Found a runed door.
 15199 | Lair:8   | Received a gift from Pakellas
 15635 | D:10     | Entered Level 10 of the Dungeon
 16352 | D:11     | Found a labyrinth entrance.
 16378 | D:11     | Found Doinwu's Weapon Boutique.
 16380 | D:11     | Found a staircase to the Orcish Mines.
 16381 | D:11     | Found Raenkity's Armour Boutique.
 16441 | Lab      | Entered a labyrinth
 16525 | Lab      | Identified a +2 rod of clouds (11/11) (You acquired it in a labyrinth)
 16526 | Lab      | Identified a +10 rod of clouds (18/18) (supercharged by Pakellas)
 16886 | Orc:1    | Entered Level 1 of the Orcish Mines
 17499 | Orc:1    | Noticed an orc warlord
 17510 | Orc:1    | Killed an orc warlord
 17735 | Orc:1    | Found Osux's Antique Weapon Shop.
 17869 | Orc:2    | Entered Level 2 of the Orcish Mines
 18019 | Orc:2    | Found a roughly hewn altar of Beogh.
 18040 | Orc:2    | Noticed an orc warlord
 18061 | Orc:2    | Killed an orc warlord
 18291 | Orc:2    | Found Sam Buus's Assorted Antiques.
 18291 | Orc:2    | Found Muluint's Armour Shop.
 18379 | Orc:2    | Bought a bone wand for 100 gold pieces
 18379 | Orc:2    | Bought a scroll of teleportation for 75 gold pieces
 18406 | Orc:2    | Found a roughly hewn altar of Beogh.
 18553 | Orc:2    | Received a gift from Pakellas
 18575 | Orc:2    | Found Tauwn's Weapon Emporium.
 18575 | Orc:2    | Found Ciseozut's Food Shop.
 18909 | Orc:2    | Found a staircase to the Elven Halls.
 19589 | D:11     | Reached skill level 15 in Armour
 20104 | D:12     | Noticed Sonja
 20107 | D:12     | Killed Sonja
 20107 | D:12     | Reached XP level 15. HP: 101/165 MP: 27/27
 21203 | D:13     | Found a gate to the Vaults.
 21216 | D:13     | Got a pearl-encrusted scale mail
 21219 | D:13     | Identified the cursed +1 scale mail of Paohud {+Blink MR+ Str+3} (You took it off a human on level 13 of the Dungeon)
 21305 | D:13     | Got a crystal quick blade
 21306 | D:13     | Identified the +11 quick blade "Bosuuq" {pierce, Str+7} (You acquired it on level 13 of the Dungeon)
 21839 | D:13     | You fall through a shaft for 2 floors!
 21839 | D:15     | Entered Level 15 of the Dungeon
 22255 | D:15     | Reached skill level 15 in Fighting
 22337 | D:15     | Received a gift from Pakellas
 22366 | D:15     | Found a staircase to the Depths.
 23002 | D:14     | Found Gulaplem's Armour Shop.
 23026 | D:14     | Bought a +0 pair of boots of running for 409 gold pieces
 23342 | D:14     | Reached skill level 21 in Evocations
 24095 | Spider:1 | Entered Level 1 of the Spider Nest
 24443 | Spider:1 | Reached XP level 16. HP: 166/179 MP: 22/28
 24542 | Spider:1 | Reached skill level 22 in Evocations
 25581 | Spider:2 | Reached skill level 23 in Evocations
 25619 | Spider:2 | Upgraded the game from 0.18-a0-1157-g59db91b to 0.18-a0-1160-geb89fc2
 26067 | Orc:2    | Bought a +0 eveningstar for 270 gold pieces
 26606 | Spider:3 | Noticed Louise
 26632 | Spider:3 | Reached skill level 5 in Maces & Flails
 26633 | Spider:3 | Killed Louise
 26635 | Spider:3 | Engulfed by a cloud of thunder

Vault maps used:
D:1:      matt_arrival_diagonals, minmay_misc_feat_x,
          kennysheep_decorative_pillar, hangedman_decor_clover_reticule,
          minmay_misc_feat_cross
D:2:      old_standard_altar, uniq_sigmund
D:3:      kiku_gazebo_garden_becter, lemuel_round_altar, first_bread,
          hex_medium, lightli_corner_chamber
D:4:      kennysheep_mini, gammafunk_temple_overflow_statue,
          minmay_temple_entry_butterflies, trog_butcher_becter
D:5:      serial_shops, nicolae_shop_competitors_out_of_business,
          grunt_pakellas_sulfur, uniq_grinder, uniq_crazy_yiuf_cottage,
          uniq_edmund
D:6:      nicolae_overflow_crystal_walls, tso_metal_star,
          kennysheep_generic_room_10
D:7:      gammafunk_temple_overflow_elements, basic_altar, due_unseen_surprise,
          uniq_joseph
D:8:      fedhas_altar_3, lemuel_round_altar, enter_bailey_3
D:9:      demons_altar, erik_lair_island, the_bakery, st_stairs_8
D:11:     orc_david_3, lab_entry_generic, hangedman_incinerator
D:12:     uniq_sonja
D:13:     grunt_vaults_entry_tiered
D:14:     serial_shops, shop, minivault_26
D:15:     gammafunk_enter_depths_forms, minmay_stone_trees_medium
Temple:   temple_island_7
Lair:1:   serial_bayou_shore_a
Lair:2:   minivault_27, uniq_harold
Lair:3:   portal_ice_cave_entry_imps, beast_lair_carwin_9, uniq_fannar
Lair:4:   elwin_shoals_entry_rooms, nicolae_quartered_pool_little,
          infiniplex_staircase_pool_2, lemuel_fruit_fields
Lair:5:   spider_nest_entry_webs, lemuel_fruit_fields
Lair:6:   slime_altar_1
Lair:7:   beast_lair_carwin_11, grunt_megastairs_2
Lair:8:   wormcave, hangedman_lair_caniforms_friends
Spider:1: spider_trap
Spider:3: spiders_nest_scorpion_pit, uniq_arachne, uniq_roxanne, uniq_louise
Orc:1:    minmay_goldmine, serial_shops, shop
Orc:2:    st_orc_town, basic_altar
Lab:      labyrinth_watery, nicolae_lab_dead_end, labyrinth_skeletal_remains,
          labyrinth_lava_lair, lab_hedge
Bailey:   bailey_axe_of_yendor_kennysheep, bailey
IceCv:    ice_cave_caverns_02

Action                   |  1- 3 |  4- 6 |  7- 9 | 10-12 | 13-15 | 16-18 || total
-------------------------+-------+-------+-------+-------+-------+-------++-------
Melee: Flail             |   103 |   141 |   707 |   155 |       |       ||  1106
       Mace              |       |       |       |   458 |  1645 |   191 ||  2294
       Rod               |       |       |       |       |    17 |     7 ||    24
       Eveningstar       |       |       |       |       |       |    32 ||    32
Invok: Quick Charge      |       |       |     1 |    13 |    20 |     6 ||    40
       Device Surge      |       |       |       |     1 |       |       ||     1
       Supercharge       |       |       |       |       |     1 |       ||     1
 Abil: Device Recharging |       |     1 |     1 |       |       |       ||     2
Evoke: Wand              |     2 |     4 |    26 |    39 |   114 |    33 ||   218
       Rod               |       |       |       |    58 |    82 |    15 ||   155
  Use: Potion            |     3 |       |     1 |     2 |     1 |     4 ||    11
       Scroll            |       |       |    11 |    17 |    22 |     4 ||    54
 Stab: Distracted        |       |       |       |     3 |     1 |       ||     4
       Confused          |       |       |       |       |     1 |       ||     1
       Paralysed         |       |       |       |       |     1 |       ||     1
  Eat: Chunk             |       |     2 |     5 |    27 |    34 |     2 ||    70
       Beef jerky        |       |       |     2 |       |     3 |       ||     5
       Meat ration       |       |       |     2 |       |       |     2 ||     4
       Pizza             |       |       |       |     1 |     3 |       ||     4
       Fruit             |       |       |       |     1 |       |       ||     1
       Royal jelly       |       |       |       |     1 |    13 |       ||    14
